ThisIsTheSuxx0r, neutral female scurrid Tourist ----- --...-- ....@.. |..B..| ......| |...?.- ------- ThisIsTheSuxx0r the Rambler Experience level: 1 Strength: 12 Dexterity: 13 Constitution: 14 Intelligence: 14 Wisdom: 12 Charisma: 14 Health: 0(9) Energy: 2(2) Def: 0 Gold: 830 Moves: 54 Dungeon seed: qICMJ9dtMznfg8Dv Game ID: ThisIsTheSuxx0r_1498232094 Your Inventory: Coins $ - 830 gold pieces Weapons a - 46 uncursed rusty +2 darts (in quiver) Armor e - an uncursed +0 Hawaiian shirt (being worn) Comestibles b - 4 uncursed food rations c - an uncursed tin of kobold meat d - an uncursed tin of newt meat f - an uncursed cream pie g - 2 uncursed tripe rations h - an uncursed egg i - an uncursed candy bar Scrolls k - 4 uncursed scrolls of blank paper Potions j - 2 uncursed diluted potions of extra healing Wands n - an uncursed wand of secret door detection (0:13) Tools l - an uncursed expensive camera (0:97) m - an uncursed credit card Spells and supernatural/magical abilities: Name Level Category Fail Memory W - pray for help -- divine ? -- Your skills at the end: Miscellaneous Skills wands [Basic] Weapon Skills dart [Basic] Spellcasting Skills Final Attributes: You were devoutly aligned. You had infravision. You were very stealthy. You are dead. Vanquished creatures: a grid bug Voluntary challenges: You went without food. You did not adorn yourself with jewelry or accessories. You did not cause conflict. You were not invisible. You did not have reflection. You were not displaced. You were an atheist. You never hit with a wielded weapon. You were a pacifist. You did not use tools. You did not use plumbed fixtures. You did not drink any magical draughts. You were illiterate. You never genocided any monsters. You never polymorphed an object. You never changed form. You used no wishes. You never split a pudding. You never wrote Elbereth's name. You never violated your personal moral code. Dungeon overview: The Dungeons of Doom: levels 1 to 22 Level 1 a long staircase Level 2 Level 3 Level 4 Level 5 Level 6 a fountain Level 7 a sink Level 8 Level 9 Level 10 Level 11 Level 12 Level 13 Level 14 Level 15 Level 16 Level 17 Level 18 Level 19 Level 20 Level 21 a temple to The Lady Level 22 <- You were here History has recorded: On T:1 you entered the Dungeons of Doom to retrieve the Amulet of Yendor! On T:4 you reached level 2 of The Dungeons of Doom. On T:7 you reached level 3 of The Dungeons of Doom. On T:9 you reached level 4 of The Dungeons of Doom. On T:11 you reached level 5 of The Dungeons of Doom. On T:13 you reached level 6 of The Dungeons of Doom. On T:16 you reached level 7 of The Dungeons of Doom. On T:18 you reached level 8 of The Dungeons of Doom. On T:20 you reached level 9 of The Dungeons of Doom. On T:22 you reached level 10 of The Dungeons of Doom. On T:25 you reached level 11 of The Dungeons of Doom. On T:27 you reached level 12 of The Dungeons of Doom. On T:29 you reached level 13 of The Dungeons of Doom. On T:31 you reached level 14 of The Dungeons of Doom. On T:34 you reached level 15 of The Dungeons of Doom. On T:39 you reached level 16 of The Dungeons of Doom. On T:39 you entered the Rogue tribute level. On T:41 you reached level 17 of The Dungeons of Doom. On T:43 you reached level 18 of The Dungeons of Doom. On T:46 you reached level 19 of The Dungeons of Doom. On T:48 you reached level 20 of The Dungeons of Doom. On T:50 you reached level 21 of The Dungeons of Doom. On T:52 you reached level 22 of The Dungeons of Doom. Score breakdown: Gold: 0 ( 0 points) Experience: 1 level ( 0 points) Exploration: 22 levels ( 630 points) Discoveries: 1 item ( 50 points) Variety of kills: 1 monster ( 50 points) Major goal: (nothing yet) ( 0 points) Survival: died (score multiplied by 3) Total score: 2190 Latest messages: You start digging downward. You continue digging downward. You dig a pit in the floor. You continue digging downward. You dig a hole through the floor. You fall through... The priestess of The Lady intones: "Pilgrim, you enter a sacred place!" You experience a strange sense of peace. You start digging downward. You continue digging downward. You dig a pit in the floor. You continue digging downward. You dig a hole through the floor. You fall through... The dart hits the giant bat. The giant bat bites! (2x) The dart hits the giant bat! The giant bat bites! You die... Final status: Aloha ThisIsTheSuxx0r the Tourist, killed by a giant bat... You died in The Dungeons of Doom on dungeon level 22 with 2190 points, and 830 pieces of gold, after 54 moves. You were level 1 with a maximum of 9 hit points when you died.